 Dungeon Crawl Stone Soup version 0.20.0-10-g0535bb4 (webtiles) character file.

63 Deathclocker the Covered (level 3, -5/33 HPs)
             Began as a Minotaur Fighter on June 4, 2017.
             Slain by Sigmund
             ... wielding a +0 scythe
              (9 damage)
             ... on level 3 of the Dungeon.
             The game lasted 00:02:00 (1190 turns).

Deathclocker the Covered (Minotaur Fighter)         Turns: 1190, Time: 00:02:00

Health: -5/33      AC:  8    Str: 26    XL:     3   Next: 87%
Magic:  2/2        EV:  7    Int:  5    God:
Gold:   119        SH: 10    Dex:  9    Spells: 2/2 levels left

rFire    . . .     SeeInvis .   a - +0 long sword
rCold    . . .     Gourm    .   c - +0 shield
rNeg     + . .     Faith    .   b - +0 scale mail
rPois    .         Spirit   .   (helmet restricted)
rElec    .         Reflect  .   (no cloak)
rCorr    .         Harm     .   q - +0 pair of gloves
MR       .....                  (no boots)
Stlth    ..........             (no amulet)
Regen    0.2/turn               i - ring of positive energy
MPRegen  0.1/turn               (no ring)

@: mighty
A: retaliatory headbutt, horns 2
a: no special abilities


You were on level 3 of the Dungeon.
You were not hungry.

You visited 1 branch of the dungeon, and saw 3 of its levels.

You collected 119 gold pieces.

Inventory:

Hand Weapons
 a - a +0 long sword (weapon)
Armour
 b - a +0 scale mail (worn)
 c - a +0 shield (worn)
 q - a +0 pair of gloves (worn)
Jewellery
 i - a ring of positive energy (left hand)
Scrolls
 g - 3 scrolls of remove curse {unknown}
 k - a scroll of identify {unknown}
 l - a scroll of fog {unknown}
 m - a scroll of fear {unknown}
 n - a scroll of teleportation {unknown}
 p - a scroll of amnesia {unknown}
 u - a scroll of blinking {unknown}
Potions
 e - a potion of ambrosia {unknown}
 h - a potion of curing {unknown}
 j - a potion of invisibility {unknown}
 r - 2 potions of mutation {unknown}
 s - a potion of agility {unknown}
Comestibles
 f - 2 bread rations
 o - a royal jelly
 t - a meat ration


   Skills:
 + Level 4.0 Fighting
 * Level 4.0 Long Blades
 + Level 4.2 Armour
 + Level 3.9 Shields


You had 2 spell levels left.
You didn't know any spells.

Dungeon Overview and Level Annotations

Branches:
Dungeon (3/15)

Altars:

Annotations:
D:3 Sigmund


Innate Abilities, Weirdness & Mutations

You reflexively headbutt those who attack you in melee.
You have a pair of horns on your head.


Message History

Sigmund flickers and vanishes!
Deactivating autopickup; reactivate with Ctrl-A.
The bat hits you but does no damage. The orc wizard barely misses you.
Found a stone staircase leading up.
An orc comes into view. It is wielding a club.
The orc shouts!
The bat barely misses you.
You barely miss the orc wizard. Your headbutt misses the orc wizard.
You feel less confused. You block the bat's attack.
The orc wizard mumbles some strange words.
The orc wizard flickers and vanishes!
You block the bat's attack. The orc hits you with a club.
You hear some strange, mumbled words.
A puff of flame appears from out of thin air!
The puff of flame hits you!
* * * LOW HITPOINT WARNING * * *
The bat hits you but does no damage. The bat barely misses you.
Something hits you!
You die...

# ######## #
#......############
######......#..o@.......
............#o.b........
.........##............#
.........##......#.....#
.........##...$#o#.###.#
..†......##......... .
.........##......#..#
)........##......#..#
........(........# <#


You could see 3 orcs and a bat.

Vanquished Creatures
  An adder (D:2)
  An ooze (D:3)
  A dart slug (D:1)
  A leopard gecko (D:1)
  3 giant cockroaches
  10 goblins
  4 hobgoblins
  4 jackals (D:2)
  5 bats
  A frilled lizard (D:1)
  4 kobolds
  9 rats
44 creatures vanquished.

Notes
Turn   | Place    | Note
-------+----------+-------------------------------------------
     0 | D:1      | Deathclocker the Minotaur Fighter began the quest for the Orb.
     0 | D:1      | Reached XP level 1. HP: 19/19 MP: 0/0
   146 | D:1      | Reached XP level 2. HP: 27/27 MP: 1/1
   593 | D:2      | Reached XP level 3. HP: 33/33 MP: 2/2
  1174 | D:3      | Noticed Sigmund
  1190 | D:3      | Slain by Sigmund

Skill      XL: |  1  2  3 |
---------------+----------+-----
Long Blades    | 3 4 |  4.0
Armour         | 4 |  4.2
Fighting       | 4 |  4.0
Shields        | |  3.9

Action                   || total
-------------------------++-------
Melee: Long sword        ||   103
       Headbutt          ||    13
  Use: Potion            ||     1
  Eat: Chunk             ||     1
Armor: Scale mail        ||    59
Dodge: Dodged            ||    33
Block: Shield            ||    54
       Rpst.: Long sword ||     6
